Map: Lightshade LE

Players

Has - Winner!

  • Race: Protoss Protoss

Mysteryman

  • Race: Zerg Zerg

Event: DreamHack SC2 Masters 2021 Summer

VOD

Have the link to the VOD?

Description

Time

  • Played on: May 19, 2021, 9:46 a.m.
  • Length: 5:36

All games in this series

Show
View Real Time Build Order
Export as new Build Order

Has Protoss - Winner!

Build Orders: 1 Gate Expand, Dark Templar Rush 

Get SALT Encoding   

  12  0:00  Probe  
  13  0:12  Probe  
  14  0:20  Pylon  
  14  0:24  Probe  
  14  0:27  Assimilator  
  15  0:38  Probe (Chrono Boost)  
  16  0:44  Gateway  
  16  0:47  Probe (Chrono Boost)  
  17  0:52  Probe (Chrono Boost)  
  18  1:04  Probe  
  19  1:20  Nexus  
  20  1:31  Cybernetics Core  
  19  1:34  Probe  
  20  1:40  Assimilator  
  20  1:46  Probe  
  21  1:53  Pylon  
  21  1:58  Probe  
  22  2:08  Warp Gate  
  22  2:09  Sentry (Chrono Boost)  
  22  2:10  Probe  
  26  2:22  Probe  
  26  2:25  Pylon  
  26  2:29  Twilight Council  
  26  2:33  Stalker (Chrono Boost)  
  26  2:34  Probe (Chrono Boost)  
  30  2:38  Probe (Chrono Boost)  
  30  2:46  Probe (Chrono Boost)  
  30  2:51  Probe (Chrono Boost)  
  32  2:52  Probe (Chrono Boost)  
  32  2:53  Gateway  
  33  2:59  Zealot  
  33  3:00  Probe  
  37  3:07  Dark Shrine  
  37  3:15  Gateway  
  37  3:17  Probe  
  37  3:19  Probe  
  38  3:27  Pylon  
  38  3:29  Probe (Chrono Boost)  
  40  3:37  Probe (Chrono Boost)  
  40  3:40  Probe (Chrono Boost)  
  41  3:44  Probe x2 (Chrono Boost)  
  43  3:55  Probe x2  
  45  3:56  Zealot x2  
  45  4:02  Pylon  
  49  4:07  Probe  
  50  4:10  Zealot  
  50  4:15  Nexus  
  52  4:25  Probe  
  52  4:26  Probe, Dark Templar x2  
  52  4:29  Dark Templar  
  59  4:45  Probe, Gateway  
  61  4:48  Gateway  
  61  4:55  Dark Templar  
  62  5:02  Pylon  
  62  5:03  Pylon  
  62  5:06  Shield Battery  
  62  5:14  Pylon  
  62  5:15  Pylon  
  62  5:20  Probe  
Show
View Real Time Build Order
Export as new Build Order

Mysteryman Zerg 

Build Orders: Hatch First 

Get SALT Encoding   

  12  0:00  Drone  
  13  0:12  Overlord  
  13  0:16  Drone  
  14  0:30  Drone x2  
  16  0:47  Hatchery  
  15  0:50  Drone  
  15  0:53  Drone  
  17  0:57  Drone  
  18  1:07  Extractor  
  17  1:12  Spawning Pool  
  17  1:15  Drone  
  17  1:18  Drone  
  18  1:27  Drone  
  19  1:38  Drone  
  20  1:49  Drone  
  21  1:58  Queen  
  21  1:59  Queen  
  21  2:00  Zergling x4  
  27  2:10  Drone  
  28  2:18  Overlord  
  28  2:33  Hatchery, Metabolic Boost  
  28  2:36  Drone  
  28  2:37  Drone x2  
  28  2:38  Drone  
  31  2:44  Queen  
  31  2:49  Overlord  
  33  2:52  Drone  
  33  2:56  Overlord  
  34  2:59  Drone  
  34  3:04  Drone  
  36  3:10  Drone x4  
  40  3:15  Overlord  
  40  3:20  Drone  
  40  3:23  Queen  
  43  3:29  Roach Warren  
  43  3:31  Drone  
  44  3:34  Drone  
  44  3:37  Extractor, Drone  
  44  3:38  Extractor, Drone  
  44  3:40  Drone  
  45  3:41  Drone  
  45  3:46  Drone  
  45  3:47  Drone  
  48  3:51  Queen  
  50  3:57  Overlord  
  50  4:09  Roach  
  60  4:10  Roach x4  
  60  4:15  Roach x2  
  64  4:19  Overlord  
  64  4:21  Zergling x2  
  64  4:22  Zergling x2  
  68  4:24  Roach  
  68  4:29  Roach x2  
  72  4:39  Zergling x12  
  78  4:46  Overlord  
  78  4:48  Zergling x6  
  81  4:53  Ravager  
  81  4:55  Overlord  
  82  5:00  Ravager  
  82  5:05  Spore Crawler  
  76  5:08  Overlord  
  76  5:13  Zergling x6  
Tags
 
Add a new tag
Caveats
  • Supply blocks, unpowered buildings, or Contaminate may cause inaccurate times.
  • Supply counts are checked every 10 seconds.